 Dungeon Crawl Stone Soup version 0.19.5 (webtiles) character file.

3382 LORDOFBUTT the Cleaver (level 10, -9/70 HPs)
             Began as a Formicid Fighter on Mar 21, 2017.
             Was a Believer of Okawaru.
             Mangled by JanusIIV's ghost (25 damage)
             ... on level 8 of the Dungeon.
             The game lasted 00:10:36 (7218 turns).

LORDOFBUTT the Cleaver (Formicid Fighter)           Turns: 7218, Time: 00:10:37

Health: -9/70      AC: 10    Str: 20    XL:     10   Next: 23%
Magic:  10/10      EV: 14    Int:  9    God:    Okawaru [**....]
Gold:   459        SH: 16    Dex: 18    Spells: 0 memorised, 9 levels left

rFire  + . .     SeeInvis +     a - +0 war axe
rCold  . . .     Gourm    .     g - +2 scale mail {MR+}
rNeg   . . .     Faith    .     c - +0 shield
rPois  .         Spirit   .     (helmet unavailable)
rElec  .         Reflect  +     (no cloak)
rCorr  .         Harm     .     n - +0 pair of gloves
MR     ++...                    (no boots)
Stlth  +.........               z - +4 amulet of reflection
                                (no ring)
                                G - ring of protection from fire

@: agile, flying
A: permanent stasis, dig shafts and tunnels, four strong arms, antennae 3
a: Dig, Shaft Self, Heroism, Renounce Religion


You were on level 8 of the Dungeon.
You worshipped Okawaru.
Okawaru was pleased with you.
You were full.

You visited 1 branch of the dungeon, and saw 8 of its levels.

You collected 459 gold pieces.

Inventory:

Hand Weapons
 a - a +0 war axe (weapon)
Armour
 c - a +0 shield (worn)
 g - a +2 scale mail of magic resistance (worn)
 n - a +0 pair of gloves (worn)
Jewellery
 k - an uncursed amulet of regeneration
 q - an uncursed ring of poison resistance {unknown}
 z - a +4 amulet of reflection (around neck)
 F - an uncursed amulet of guardian spirit
 G - a ring of protection from fire (left hand)
Wands
 A - a wand of disintegration (17/24)
 B - a wand of polymorph (3/24)
 H - a wand of acid (4/15)
Scrolls
 e - 3 scrolls of random uselessness {unknown}
 i - 2 scrolls of fear {unknown}
 m - 6 scrolls of remove curse
 o - 4 scrolls of recharging
 r - a scroll of enchant weapon {unknown}
 s - a scroll of identify
 t - 2 scrolls of magic mapping
 w - a scroll of blinking {unknown}
 x - 2 scrolls of amnesia {unknown}
 I - a scroll of noise {unknown}
Potions
 b - 2 potions of cure mutation
 d - 2 potions of flight
 h - 2 potions of cancellation
 p - 2 potions of brilliance
 C - 2 potions of agility
 D - a potion of ambrosia
Books
 y - a book of Cantrips

   Spells                             Type                      Level
   a - Confusing Touch                Hexes                        1
   b - Animate Skeleton               Necromancy                   1
   c - Summon Small Mammal            Summoning                    1
   d - Apportation                    Translocation                1
Comestibles
 f - 7 bread rations
 v - a meat ration


   Skills:
 - Level 3.2 Fighting
 * Level 11.6 Axes
 - Level 3.2 Armour
 - Level 9.7 Shields


You had 9 spell levels left.
You didn't know any spells.

Dungeon Overview and Level Annotations

Branches:
Dungeon (8/15)             Temple (0/1) D:7
   Lair: D:8-11

Altars:
Elyvilon
Hepliaklqana
Kikubaaqudgha
Okawaru
Ru
Uskayaw
Yredelemnul
The Shining One

Shops:
D:6 *   D:8 [

Annotations:
D:8 JanusIIV's ghost, novice HOMo


Innate Abilities, Weirdness & Mutations

You are under a permanent stasis effect.
You can dig through walls and to a lower floor.
Your four strong arms can wield two-handed weapons with a shield.
You have a pair of large antennae on your head. (SInv)


Message History

JanusIIV's ghost is severely damaged.
JanusIIV's ghost misses you.
You hit JanusIIV's ghost.
JanusIIV's ghost is almost destroyed.
You slash JanusIIV's ghost!
JanusIIV's ghost is almost destroyed.
You block JanusIIV's ghost's attack.
You hit JanusIIV's ghost but do no damage.
JanusIIV's ghost is almost destroyed.
You block JanusIIV's ghost's attack.
You closely miss JanusIIV's ghost.
JanusIIV's ghost is almost destroyed.
You block JanusIIV's ghost's attack.
You hit JanusIIV's ghost but do no damage.
JanusIIV's ghost is almost destroyed.
JanusIIV's ghost barely misses you.
You hit JanusIIV's ghost.
JanusIIV's ghost is almost destroyed.
JanusIIV's ghost hits you!!
You die...

....##.....#########
.....#........#....#
...###..#..##.#.##.#
...........##.#.##.#
.......##.###.#.##.#
.....#....# #.#..#.#
..........# #.##.#.#
........#.###.##W#.#
#####[#.#.....##@#.#
............######.##
......#.###.........#
......#.#############
............#
...##.#.###.#
...+..#.# #<#
...####.#####
...'.....###


You could see JanusIIV's ghost.

Vanquished Creatures
  Sigmund (D:6)
  A wyvern (D:8)
  The ghost of meatyocre the Insei, an amateur DsWn of Makhleb (D:4)
  Edmund (D:5)
  Duvessa (D:6)
  A water moccasin (D:7)
  2 ice beasts (D:8)
  A black bear (D:6)
  4 phantoms
  An ogre (D:7)
  A centaur (D:5)
  A big kobold (D:7)
  7 bullfrogs
  A wyvern zombie (D:6)
  Dowan (D:6)
  2 scorpions
  6 killer bees (D:8)
  4 crimson imps
  A quasit (D:5)
  4 hounds
  A gnoll shaman (D:4)
  A bullfrog zombie (D:5)
  Terence (D:2)
  Ijyb (D:2)
  An iguana (D:8)
  A worker ant (D:4)
  A hound skeleton (D:7)
  A worker ant zombie (D:7)
  10 gnolls
  A howler monkey skeleton (D:6)
  14 adders
  A white imp (D:4)
  An ooze (D:1)
  An adder zombie (D:6)
  3 worms
  3 dart slugs
  8 leopard geckos
  16 orcs
  9 bats
  6 giant cockroaches
  12 goblins
  11 hobgoblins
  9 jackals
  7 quokkas
  2 ball pythons
  4 frilled lizards
  A goblin skeleton (D:4)
  2 goblin zombies (D:4)
  3 hobgoblin zombies (D:4)
  A jackal skeleton (D:5)
  8 kobolds
  A kobold skeleton (D:4)
  3 orc zombies (D:4)
  A quokka skeleton (D:5)
  8 rats
196 creatures vanquished.

Notes
Turn   | Place    | Note
-------+----------+-------------------------------------------
     0 | D:1      | LORDOFBUTT the Formicid Fighter began the quest for the Orb.
     0 | D:1      | Reached XP level 1. HP: 18/18 MP: 1/1
   145 | D:1      | Reached XP level 2. HP: 24/24 MP: 2/2
   315 | D:1      | Reached XP level 3. HP: 29/29 MP: 3/3
   333 | D:1      | Reached skill level 3 in Axes
   742 | D:2      | Noticed Ijyb
   753 | D:2      | Killed Ijyb
   753 | D:2      | Reached XP level 4. HP: 31/35 MP: 4/4
   781 | D:2      | Noticed Terence
   781 | D:2      | Reached skill level 4 in Axes
   787 | D:2      | Killed Terence
   787 | D:2      | Reached XP level 5. HP: 24/41 MP: 5/5
  1172 | D:2      | Reached skill level 5 in Shields
  1712 | D:3      | Found a hide-covered altar of Uskayaw.
  1901 | D:3      | Reached skill level 5 in Axes
  1901 | D:3      | Reached XP level 6. HP: 47/47 MP: 6/6
  2289 | D:4      | Found a glowing golden altar of the Shining One.
  2476 | D:4      | Noticed meatyocre's ghost (amateur DsWn)
  2487 | D:4      | Killed meatyocre's ghost
  2487 | D:4      | Reached skill level 6 in Axes
  2487 | D:4      | Reached XP level 7. HP: 35/52 MP: 7/7
  2555 | D:4      | Found an ancient bone altar of Kikubaaqudgha.
  2717 | D:4      | Found a basalt altar of Yredelemnul.
  2717 | D:4      | Found an iron altar of Okawaru.
  2720 | D:4      | Found a hazy altar of Hepliaklqana.
  3129 | D:4      | Found a white marble altar of Elyvilon.
  3130 | D:4      | Found a sacrificial altar of Ru.
  3302 | D:4      | Became a worshipper of Warmaster Okawaru
  3309 | D:5      | Entered Level 5 of the Dungeon
  3512 | D:5      | Reached skill level 7 in Axes
  3512 | D:5      | Reached XP level 8. HP: 35/58 MP: 8/8
  3789 | D:5      | Noticed Edmund
  3802 | D:5      | Killed Edmund
  4191 | D:5      | Reached * piety under Okawaru
  4206 | D:5      | Reached skill level 8 in Axes
  4593 | D:6      | Found Ageluda Vahi's Assorted Antiques.
  4673 | D:6      | Noticed Dowan
  4690 | D:6      | Reached skill level 9 in Axes
  4690 | D:6      | Reached XP level 9. HP: 22/64 MP: 6/9
  4693 | D:6      | Killed Dowan
  4971 | D:6      | Noticed Duvessa
  4982 | D:6      | Killed Duvessa
  5413 | D:6      | Reached ** piety under Okawaru
  5531 | D:6      | Noticed Sigmund
  5541 | D:6      | Killed Sigmund
  5541 | D:6      | Reached skill level 10 in Axes
  5813 | D:7      | Got a spiked ring mail
  5833 | D:7      | Identified the cursed +1 ring mail of Insecurity {*Drain rF+++} (You found it on level 7 of the Dungeon)
  6090 | D:7      | Found a staircase to the Ecumenical Temple.
  6350 | D:8      | Reached XP level 10. HP: 62/70 MP: 10/10
  6471 | D:8      | Reached skill level 11 in Axes
  6808 | D:8      | Noticed JanusIIV's ghost (novice HOMo)
  6813 | D:8      | Found Efisogol's Armour Shop.
  7218 | D:8      | Mangled by JanusIIV's ghost

Skill      XL: |  1  2  3  4  5  6  7  8  9 10 |
---------------+-------------------------------+-----
Shields        | 4 5 6 8 9 |  9.7
Axes           | 3 4 5 6 7 9 10 11 | 11.6
Fighting       | |  3.2
Armour         | |  3.2

Action                   |  1- 3 |  4- 6 |  7- 9 | 10-12 || total
-------------------------+-------+-------+-------+-------++-------
Melee: War axe           |   103 |   203 |   431 |   140 ||   877
Invok: Heroism           |       |       |     2 |     2 ||     4
  Use: Scroll            |     3 |       |    13 |       ||    16
       Potion            |       |     1 |     5 |     7 ||    13
 Stab: Invisible         |       |       |     1 |     3 ||     4
  Eat: Chunk             |       |     5 |    14 |       ||    19
       Fruit             |       |       |       |     8 ||     8
       Pizza             |       |       |       |     1 ||     1
Armor: Scale mail        |    48 |    93 |   125 |    26 ||   292
       Ring mail         |       |       |     1 |       ||     1
Dodge: Dodged            |    53 |    60 |   150 |    33 ||   296
Block: Shield            |    59 |   139 |   277 |    93 ||   568
